AoeStats
← zarrgunss

Arabia

508972470Analyzed
2v2 RM · 7d ago on Sep 24, 2026· 68m 56s· 4 players
Game mode
Random Map
Map size
Medium (4 player)
Population
200
Speed
Normal
Resources
Standard
Victory
Conquest
Starting age
Dark Age
Ending age
Imperial Age
RankedLock teamsTeams togetherTeam positionsShared explorationLock speedFull tech treeHidden civsTurbo modeCheats
Victory
Defeat
1022
+10
🇦🇷 Khmer · Argentina
571
+27
🇺🇸 Spanish · United States
868
-19
🇵🇪 Ethiopians · Peru
848
-18
EIM | Gandalf el bostero
6:35 Loom
9:45 Feudal Age
10:16 Double-Bit Axe
11:23 Horse Collar
14:12 Forging
18:05 Fletching
23:01 Castle Age
23:03 Stone Mining
23:03 Gold Mining
23:52 Bow Saw
24:08 Bloodlines
25:26 Town Watch
26:31 Scale Barding Armor
28:57 Heavy Plow
29:20 Bodkin Arrow
31:00 Padded Archer Armor
31:04 Scale Mail Armor
31:37 Ballistics
32:04 Elite Skirmisher
34:30 Chain Mail Armor
40:35 Stone Shaft Mining
42:03 Padded Archer Armor
42:40 Iron Casting
49:04 Imperial Age
48:23 Masonry
48:55 Murder Holes
51:58 Blast Furnace
53:31 Chemistry
53:47 Bracer
54:50 Elite Ghulam
57:12 Shatagni
59:06 Two-Man Saw
60:15 Leather Archer Armor
59:48 Onager
67:16 Thumb Ring
Kenshi995
7:52 Loom
10:24 Feudal Age
19:11 Castle Age
22:25 Gold Mining
22:49 Double-Bit Axe
22:48 Horse Collar
25:43 Wheelbarrow
25:46 Stone Mining
31:51 Fletching
32:02 Padded Archer Armor
32:56 Ballistics
33:10 Elite Skirmisher
33:50 Bodkin Arrow
34:11 Leather Archer Armor
41:15 Forging
41:11 Scale Barding Armor
44:03 Imperial Age
47:13 Bow Saw
47:12 Bracer
47:45 Ring Archer Armor
51:12 Conscription
52:58 Cavalier
54:19 Iron Casting
54:06 Chain Barding Armor
58:30 Chemistry
zarrgunss
9:09 Feudal Age
9:36 Double-Bit Axe
15:41 Loom
16:29 Town Watch
24:45 Castle Age
23:56 Fletching
24:19 Forging
24:37 Padded Archer Armor
25:51 Wheelbarrow
25:42 Squires
26:49 Stone Mining
27:36 Scale Mail Armor
30:32 Ballistics
31:34 Bodkin Arrow
32:40 Bow Saw
32:10 Crossbowman
34:50 Chain Mail Armor
41:50 Imperial Age
41:34 Gold Mining
43:07 Iron Casting
50:02 Blast Furnace
49:32 Plate Mail Armor
51:16 Chemistry
54:57 Heavy Scorpion
58:28 Halberdier
Dio Brando
4:36 Loom
11:18 Feudal Age
14:50 Forging
19:15 Castle Age
17:29 Horse Collar
19:58 Double-Bit Axe
26:07 Heavy Plow
26:37 Bloodlines
26:48 Padded Archer Armor
27:31 Bow Saw
28:44 Husbandry
29:03 Leather Archer Armor
33:14 Fletching
39:08 Murder Holes
42:18 Bodkin Arrow
46:24 Masonry
46:20 Light Cavalry
47:46 Scale Mail Armor
48:21 Iron Casting
49:16 Chain Mail Armor
55:06 Imperial Age
52:55 Stone Mining
57:54 Hussar
61:45 Scale Barding Armor
62:41 Blast Furnace
63:50 Capped Ram
69:36 Wheelbarrow
Connection lost

Rejoining the realm…

Still unreachable

The connection could not be restored.

Session expired

The server has moved on; the page needs a fresh start.